 Dungeon Crawl Stone Soup version 0.22-a0-458-gb446440 (webtiles) character file.

73 CanOfBees the Slasher (level 4, -1/42 HPs)
             Began as a Tengu Berserker on June 8, 2018.
             Was a Believer of Trog.
             Slain by a gnoll (2 damage)
             ... on level 2 of the Dungeon.
             The game lasted 00:02:02 (1215 turns).

CanOfBees the Slasher (Tengu Berserker)             Turns: 1215, Time: 00:02:02

Health: -1/42      AC:  3    Str: 23    XL:     4   Next: 27%
Magic:  5/5        EV: 13    Int:  7    God:    Trog [**....]
Gold:   88         SH:  0    Dex: 14    Spells: 3/3 levels left

rFire    . . .     SeeInvis .   a - +0 falchion
rCold    . . .     Gourm    .   (no shield)
rNeg     . . .     Faith    .   e - +0 leather armour
rPois    .         Spirit   .   (helmet restricted)
rElec    .         Reflect  .   (no cloak)
rCorr    .         Harm     .   (no gloves)
MR       .....                  (boots unavailable)
Stlth    ..........             (no amulet)
HPRegen  0.14/turn              (no ring)
MPRegen  0.09/turn              (no ring)

@: berserking (expiring), very quick
A: beak, talons 3
a: Berserk, Trog's Hand, Renounce Religion


You were on level 2 of the Dungeon.
You worshipped Trog.
Trog was pleased with you.
You were hungry.

You visited 1 branch of the dungeon, and saw 2 of its levels.

You collected 88 gold pieces.

Inventory:

Hand Weapons
 a - a +0 falchion (weapon)
 b - a +0 dagger of venom
Missiles
 i - 28 stones (quivered)
Armour
 e - a +0 leather armour (worn)
Scrolls
 g - a scroll of magic mapping {unknown}
 h - a scroll of enchant armour {unknown}
Potions
 f - a potion of brilliance {unknown}
Comestibles
 c - 3 rations
 d - 6 chunks of flesh


   Skills:
 + Level 3.6 Fighting
 + Level 4.0 Long Blades
 - Level 3.0 Armour
 + Level 3.0 Dodging


You had 3 spell levels left.
You didn't know any spells.
Your spell library was empty.

Dungeon Overview and Level Annotations

Branches:
Dungeon (2/15)

Altars:


Innate Abilities, Weirdness & Mutations

You have a beak for a mouth.
You have claws for feet.


Message History

You feel stronger. The bat barely misses you.
You riposte.
You slash the bat!
You kill the bat!
Trog accepts your kill. The gnoll hits you with a spear!
* * * LOW HITPOINT WARNING * * *
The kobold throws a stone.
The stone barely misses you.
You slash the gnoll!
You kill the gnoll!
Trog accepts your kill.
Your Long Blades skill increases to level 4!
The kobold throws a stone.
The stone hits you but does no damage.
Found 29 stones.
Things that are here:
a stone; a spear You feel a strong urge to attack something.
An adder comes into view.
The adder hisses angrily.
The gnoll hits you.
You die...

..# .# #.###.#
########.#...###
#..............
#..........#.######
#..................
..................>
#...K..@.%.<.#
....l.g.(..#.# #.
........).(#.# #.
.......#.#.#.# #..#
S.....(#.#.#.# #..#
.......#.#.#.####..####
##.#.###.#............
#.#.....#...........###
# #.............<...


You could see a gnoll, an adder, a kobold and a frilled lizard.

Vanquished Creatures
  3 gnolls
  A worm (D:2)
  3 dart slugs
  A leopard gecko (D:1)
  3 giant cockroaches
  2 hobgoblins (D:1)
  4 jackals (D:1)
  3 kobolds (D:1)
  A ball python (D:1)
  5 bats
  4 goblins
  5 rats (D:1)
35 creatures vanquished.

Notes
Turn   | Place    | Note
-------+----------+-------------------------------------------
     0 | D:1      | CanOfBees the Tengu Berserker began the quest for the Orb.
     0 | D:1      | Reached XP level 1. HP: 14/14 MP: 2/2
   115 | D:1      | Reached XP level 2. HP: 18/19 MP: 3/3
   395 | D:1      | Reached XP level 3. HP: 23/23 MP: 4/4
   733 | D:1      | Reached ** piety under Trog
  1212 | D:2      | Reached XP level 4. HP: 8/28 MP: 5/5
  1212 | D:2      | HP: 1/42 [gnoll/spear (7)]
  1213 | D:2      | Reached skill level 4 in Long Blades
  1215 | D:2      | Slain by a gnoll

Vault maps used:
D:1:      minmay_arrival_semitransparent
D:2:      nicolae_ru_awakened_eye, grunt_dithmenos_smoke

Skill      XL: |  1  2  3  4 |
---------------+-------------+-----
Armour         | 3 |  3.0
Dodging        | 3 |  3.0
Long Blades    | 4 |  4.0
Fighting       | |  3.6

Action                   |  1- 3 |  4- 6 || total
-------------------------+-------+-------++-------
Melee: Falchion          |    51 |     1 ||    52
       Kick              |    21 |       ||    21
       Peck              |    10 |       ||    10
Throw: Stone             |     4 |       ||     4
Invok: Berserk           |     1 |       ||     1
  Eat: Chunk             |     1 |       ||     1
Armor: Leather armour    |    12 |       ||    12
Dodge: Dodged            |    44 |     2 ||    46
       Rpst.: Falchion   |    18 |     1 ||    19

Table legend:
 A = Spawn XP
 B = Non-spawn XP
 C = Spawn XP percentage of total XP
 D = Spawn monster count
 E = Non-spawn monster count
 F = Spawn count percentage of total count
 G = Total turns spent on level
                    A         B        C        D         E        F      G
               +---------+---------+-------+---------+---------+-------+---------
         Total |       0 |     105 |   0.0 |       0 |      35 |   0.0 |  1215
               +---------+---------+-------+---------+---------+-------+---------
           D:1 |       0 |      60 |   0.0 |       0 |      26 |   0.0 |  1061
           D:2 |       0 |      45 |   0.0 |       0 |       9 |   0.0 |   154
               +---------+---------+-------+---------+---------+-------+---------
